 Dungeon Sprint DCSS version 0.20-a0-1058-g0491fde (webtiles) character file.

10862 lordofpotatos the Unseen (level 11, -12/112 (114) HPs)
             Began as a Deep Dwarf Fighter on Apr 26, 2017.
             Was a Priest of Elyvilon (penitent).
             Succumbed to an ushabti's dark miasma
             ... in the Dungeon (Sprint V: "Ziggurat Sprint").
             The game lasted 00:18:51 (628 turns).

lordofpotatos the Unseen (Deep Dwarf Fighter)        Turns: 628, Time: 00:18:52

HP:   -12/112 (114) AC: 31    Str: 41    XL:     11   Next: 41%
MP:   8/8           EV: 11    Int: 16    God:    Elyvilon [*]
Gold: 0             SH: 33    Dex: 12    Spells: 10/10 levels left

rFire    . . .     SeeInvis .   c - +5 broad axe (venom)
rCold    . . .     Gourm    .   b - +18 shield of the Gong {rElec rN+ MR+ EV-5}
rNeg     + . .     Faith    .   a - +15 Maxwell's patent armour {-Cast -Tele rElec MR+ rCorr}
rPois    .         Spirit   .   (no helmet)
rElec    +         Reflect  .   (no cloak)
rCorr    +         Harm     +   (no gloves)
MR       +++..     NoTele   +   (no boots) Stlth +++.......NoCast +
                                k - amulet "Dalesu" {Harm *Drain +Blink Int+8 Dex-3}
Regen    0.0/turn               D - +6 ring of strength
MPRegen  0.2/turn               E - +6 ring of strength

@: mighty, agile, lethally poisoned (-12 -> -108), non-regenerating, slowed,
studying Maces & Flails, very slow
A: damage resistance, heal wounds, clumsy 1, low mp 2, sense surroundings 2,
MP-powered wands, no regeneration
a: Heal Wounds, Renounce Religion, Evoke Blink


You were in the Dungeon.
You worshipped Elyvilon.
Elyvilon was demanding penance.
You were full.

You visited 1 branch

Inventory:

Hand Weapons
 c - a +5 broad axe of venom (weapon)
Armour
 a - the +15 Maxwell's patent armour (worn) {-Cast -Tele rElec MR+ rCorr}
   (You found it in the Dungeon)

   It insulates you from electricity.
   It affects your resistance to hostile enchantments.
   It prevents spellcasting.
   It prevents most forms of teleportation.
   It protects you from acid and corrosion.
 b - the +18 shield of the Gong (worn) {rElec rN+ MR+ EV-5}
   (You found it in the Dungeon)

   It affects your evasion (-5).
   It insulates you from electricity.
   It protects you from negative energy.
   It affects your resistance to hostile enchantments.
Jewellery
 k - the amulet "Dalesu" (around neck) {Harm *Drain +Blink Int+8 Dex-3}
   (You found it in the Dungeon)

   [amulet of harm]

   It increases damage dealt and taken.
   It affects your intelligence (+8).
   It affects your dexterity (-3).
   It lets you blink.
   It causes draining when unequipped.
 D - a +6 ring of strength (left hand)
 E - a +6 ring of strength (right hand)
Scrolls
 v - 5 scrolls of remove curse
Potions
 d - 3 potions of might
 e - 10 potions of curing
 g - 5 potions of heal wounds
 h - 5 potions of haste
 i - 7 potions of magic
 j - 2 potions of berserk rage
 l - 2 potions of brilliance
 m - 2 potions of invisibility
 n - 4 potions of resistance
 p - 3 potions of agility
Books
 q - a manual of Maces & Flails
Comestibles
 f - 5 bread rations
 x - 42 fruits
 z - 3 meat rations


   Skills:
 + Level 12.0 Fighting
 + Level 13.7 Axes
 + Level 13.9 Armour
 - Level 5.1 Dodging
 + Level 15.7 Stealth
 + Level 14.0 Shields


You had 10 spell levels left.
You didn't know any spells.

Dungeon Overview and Level Annotations

Branches:
Dungeon (1/1)

Altars:
Ashenzari
Cheibriados
Dithmenos
Elyvilon
Fedhas
Gozag
Hepliaklqana
Kikubaaqudgha
Makhleb
Nemelex Xobeh
Okawaru
Qazlal
Ru
Sif Muna
Trog
Uskayaw
Vehumet
Wu Jian
Xom
Yredelemnul
Zin
The Shining One
Beogh
Jiyva
Lugonu


Innate Abilities, Weirdness & Mutations

You are resistant to damage.
You can heal yourself by infusing magical energy.
You passively map the area around you.
You do not regenerate.
You are clumsy. (Dex -2)
Your magical capacity is very low. (-20% MP)
You expend magic power (3 MP) to strengthen your wands.


Message History

You are more poisoned.
You feel your flesh rotting away!
You feel yourself slow down.
* * * LOW HITPOINT WARNING * * *
Elyvilon protects you from harm! You block the flying skull's attack.
GONNNNG!
You block the flying skull's attack.
PANG!
The ushabti shakes and rattles.
The vile air hits the flying skull.
The vile air hits you!
You hit the emperor scorpion.
The emperor scorpion is poisoned.
The emperor scorpion is lightly wounded.
You slash the flying skull!
You destroy the flying skull!
You hit the emperor scorpion. You hit the flying skull.
You are engulfed in dark miasma.
You are more poisoned.
You feel as though you will be slow longer.
* * * LOW HITPOINT WARNING * * *
You die...

, ,▓...8©8...▓.
▓..|}.||=.▓..}|[[=..▓. ,
▓..:.=)"..▓..|=.))..▓. ,
,
,▓.........▓.........▓.
▓...MZMZM.▓.........▓. *
* *
▓.M.zMMVZ.▓.........▓. 8
▓.zsVzM8..▓.........▓. ,
▓..▓zs.▓..▓...)†....▓. ,
, ,
▓.▓Ws@..▓.▓.▓.....▓.▓. ,
,
,8▓...§§....▓.........▓▓
8 ▓▓▓▓▓▓▓▓▓▓▓▓▓▓▓▓▓▓▓▓▓
** * * * * , © ,,,, , ,
,, , ,, ,,, , ,, , , , ,
, , * ,, , , , , ,, , ,
,,


You could see 2 greater mummies, 3 emperor scorpions, a jiangshi, 2 guardian
mummies, an ushabti, a hungry ghost, a vampire, 4 flying skulls, 3 mummies and 3
adder skeletons.

Vanquished Creatures
  A tentacled starspawn (D)
  A hydra (D)
  2 dancing weapons (D)
  3 two-headed ogres (D)
  A hell knight (D)
  A deep elf archer (D)
  4 shining eyes (D)
  A black mamba (D)
  A tormentor (D)
  A komodo dragon (D)
  A red devil (D)
  2 slime creatures (D)
  A shadow (D)
  A wraith (D)
  2 basilisks (D)
  A water moccasin (D)
  A hell hound (D)
  A floating eye (D)
  A porcupine (D)
  A wolf (D)
  2 eyes of draining (D)
  A necrophage (D)
  2 ogres (D)
  2 bullfrogs (D)
  An earth elemental (D)
  A wight (D)
  A crimson imp (D)
  4 jellies (D)
  2 iguanas (D)
  An orc wizard (D)
  2 adders (D)
  4 river rats (D)
  3 shadow imps (D)
  3 oozes (D)
  An adder zombie (D)
  An orc (D)
  A bat skeleton (D)
  A bat zombie (D)
  3 jackals (D)
64 creatures vanquished.

Vanquished Creatures (others)
  2 starspawn tentacles (D)
2 creatures vanquished.

Grand Total: 66 creatures vanquished

Notes
Turn   | Place    | Note
-------+----------+-------------------------------------------
     0 | D        | lordofpotatos the Deep Dwarf Fighter began the quest for the Orb.
     0 | D        | Reached XP level 1. HP: 20/20 MP: 1/1
     0 | D        | Found a deep blue altar of Sif Muna.
     0 | D        | Found a bloodstained altar of Trog.
     0 | D        | Found a sacrificial altar of Ru.
     0 | D        | Found a stormy altar of Qazlal.
     0 | D        | Found an iron altar of Okawaru.
     1 | D        | Found a sparkling altar of Nemelex Xobeh.
     1 | D        | Found a blossoming altar of Fedhas.
     3 | D        | Found an ancient bone altar of Kikubaaqudgha.
     3 | D        | Found a viscous altar of Jiyva.
     3 | D        | Found a corrupted altar of Lugonu.
     3 | D        | Found a hazy altar of Hepliaklqana.
     3 | D        | Found a burning altar of Makhleb.
     3 | D        | Found an opulent altar of Gozag.
    85 | D        | Reached skill level 3 in Stealth
    85 | D        | Reached XP level 2. HP: 30/30 MP: 2/2
   118 | D        | Became a worshipper of Elyvilon the Healer
   153 | D        | Entered arena 2.
   155 | D        | Reached skill level 5 in Armour
   155 | D        | Reached skill level 4 in Stealth
   155 | D        | Reached skill level 5 in Shields
   155 | D        | Reached XP level 3. HP: 36/36 MP: 3/3
   166 | D        | Entered arena 3.
   166 | D        | Noticed a water moccasin
   176 | D        | Killed a water moccasin
   176 | D        | Reached skill level 5 in Fighting
   176 | D        | Reached skill level 5 in Axes
   176 | D        | Reached skill level 5 in Stealth
   176 | D        | Reached XP level 4. HP: 40/46 MP: 4/4
   176 | D        | Reached XP level 5. HP: 46/52 MP: 5/5
   176 | D        | Reached skill level 5 in Dodging
   176 | D        | Reached skill level 6 in Stealth
   190 | D        | Entered arena 4.
   190 | D        | Reached * piety under Elyvilon
   202 | D        | Got the ring "Jumaes" {rF- rN+ MP+9 Int+7 Stlth-}
   212 | D        | Entered arena 5.
   212 | D        | Noticed a mace of holy wrath
   212 | D        | Noticed a trident of freezing
   212 | D        | Noticed a deep elf archer
   220 | D        | Killed a mace of holy wrath
   220 | D        | Reached skill level 9 in Stealth
   220 | D        | Reached XP level 6. HP: 44/66 MP: 6/6
   220 | D        | Reached XP level 7. HP: 48/72 MP: 7/7
   227 | D        | Killed a trident of freezing
   227 | D        | Reached skill level 10 in Stealth
   227 | D        | Reached XP level 8. HP: 47/81 MP: 8/8
   243 | D        | Killed a deep elf archer
   243 | D        | Reached skill level 10 in Armour
   243 | D        | Reached skill level 11 in Stealth
   243 | D        | Reached skill level 10 in Shields
   243 | D        | Gained mutation: You passively map the area around you. [Deep Dwarf growth]
   243 | D        | Reached XP level 9. HP: 47/90 MP: 9/9
   272 | D        | Entered arena 6.
   272 | D        | Noticed a two-headed ogre
   272 | D        | Noticed a two-headed ogre
   272 | D        | Noticed a two-headed ogre
   278 | D        | Killed a two-headed ogre
   278 | D        | Reached skill level 10 in Axes
   278 | D        | Reached skill level 12 in Stealth
   279 | D        | Killed a two-headed ogre
   281 | D        | Killed a two-headed ogre
   281 | D        | Reached skill level 10 in Fighting
   281 | D        | Reached skill level 13 in Stealth
   281 | D        | Reached XP level 10. HP: 93/102 MP: 10/10
   302 | D        | Entered arena 7.
   302 | D        | Noticed a black mamba
   302 | D        | Noticed a seven-headed hydra
   302 | D        | Reached ** piety under Elyvilon
   308 | D        | Killed a black mamba
   322 | D        | Killed a 20-headed hydra
   358 | D        | Got the ring of Togischu {rElec SInv}
   363 | D        | Entered arena 8.
   363 | D        | Noticed a tentacled starspawn
   371 | D        | Killed a tentacled starspawn
   371 | D        | Reached skill level 14 in Stealth
   383 | D        | Got the amulet "Dalesu" {Harm *Drain +Blink Int+8 Dex-3}
   392 | D        | Entered arena 9.
   392 | D        | Noticed a shining eye
   398 | D        | Gained mutation: Your magical capacity is low. (-10% MP) [a shining eye]
   402 | D        | Killed a shining eye
   402 | D        | Reached XP level 11. HP: 110/111 MP: 9/9
   413 | D        | Got the ring "Zakittori" {rElec rC+ Str-3 Int+4 Stlth+}
   417 | D        | Entered arena 10.
   418 | D        | Reached *** piety under Elyvilon
   449 | D        | Got the ring of Honesty {Int+2 Dex+3}
   477 | D        | Entered arena 11.
   477 | D        | Noticed a shining eye
   477 | D        | Noticed a shining eye
   477 | D        | Noticed a shining eye
   480 | D        | Gained mutation: Your magical capacity is very low. (-20% MP) [a shining eye]
   481 | D        | Gained mutation: You are clumsy. (Dex -2) [a shining eye]
   483 | D        | Killed a shining eye
   483 | D        | Reached skill level 15 in Stealth
   485 | D        | Gained mutation: You expend magic power (3 MP) to strengthen your wands. [a shining eye]
   486 | D        | Killed a shining eye
   487 | D        | Killed a shining eye
   493 | D        | Got the amulet "Veratieti" {RegenMP +Blink rN+ Dex+4}
   496 | D        | Got the ring of Oquic {rElec rF++ MP+9 Str-3 Stlth+}
   502 | D        | Got the amulet of Kindness {Harm *Drain rC++ Str-4 SInv}
   547 | D        | Entered arena 12.
   547 | D        | Noticed a hell knight
   555 | D        | Killed a hell knight
   555 | D        | Was placed under penance by Elyvilon
   618 | D        | Entered arena 13.
   618 | D        | Noticed a greater mummy
   618 | D        | Noticed a greater mummy
   621 | D        | Noticed a jiangshi
   622 | D        | Noticed an emperor scorpion
   622 | D        | Noticed an emperor scorpion
   622 | D        | Noticed an emperor scorpion
   627 | D        | HP: 5/112 [ushabti] (4)]
   627 | D        | Elyvilon protects you from harm!
   628 | D        | HP: 1/112 [ushabti] (4)]
   628 | D        | Succumbed to an ushabti's dark miasma

Vault maps used:
D:        sprint_v

Skill      XL: |  1  2  3  4  5  6  7  8  9 10 11 |
---------------+----------------------------------+-----
Fighting       | 3 4 5 7 8 10 11 12 | 12.0
Axes           | 3 4 5 8 9 11 12 13 | 13.7
Armour         | 4 5 6 8 9 10 11 13 | 13.9
Dodging        | 3 4 5 |  5.1
Stealth        | 3 4 5 9 10 11 13 14 15 | 15.7
Shields        | 4 5 6 8 9 10 11 13 14 | 14.0

Action                   |  1- 3 |  4- 6 |  7- 9 | 10-12 || total
-------------------------+-------+-------+-------+-------++-------
Melee: Broad axe         |    10 |    13 |    23 |    80 ||   126
Invok: Lesser Healing    |       |     1 |     2 |     2 ||     5
       Heal Other        |       |       |       |     2 ||     2
       Divine Protection |       |       |       |     1 ||     1
 Abil: Heal Wounds       |       |       |       |     2 ||     2
  Use: Potion            |     1 |       |     2 |    10 ||    13
       Scroll            |       |       |       |     1 ||     1
  Eat: Meat ration       |       |     1 |       |       ||     1
Armor: Plate armour      |    12 |    12 |     9 |    88 ||   121
Dodge: Dodged            |     1 |     2 |     4 |    33 ||    40
Block: Shield            |    22 |    29 |    36 |   154 ||   241
